 Dungeon Crawl Stone Soup version 0.29.1-15-g9cfb28693d (webtiles) character file.

Game seed: 1715389701167915679

6823 Rudioso the Thaumaturge (level 11, -2/86 HPs)
             Began as a Djinni Conjurer on July 15, 2023.
             Was a Believer of Makhleb.
             Slain by a seven-headed hydra (11 damage)
             ... on level 10 of the Dungeon on July 16, 2023.
             The game lasted 01:48:36 (11860 turns).

Rudioso the Thaumaturge (Djinni Conjurer)          Turns: 11860, Time: 01:48:37

Health: -2/86      AC:  9    Str:  8    XL:     11   Next: 25%
Gold:   372        EV: 11    Int: 24    God:    Makhleb [**....] SH:  5 Dex: 16

rFire   + . .      SeeInvis .   G - staff of conjuration
rCold   . . .      Faith    .   d - +2 buckler
rNeg    . . .      Spirit   .   H - +2 leather armour "Summoid" {+Inv Str+2 Dex-2}
rPois   ∞          Reflect  .   w - +1 helmet
rElec   .          Harm     .   z - +0 cloak
rCorr   .          Rampage  .   o - +0 pair of gloves
Will    +....                   (boots unavailable)
Stlth   ++........              L - amulet of the acrobat
HPRegen 0.24/turn               D - +6 ring of dexterity
MPRegen 0.00/turn               x - ring of ice

@: flying
A: sickness immunity, fire resistance 2, cold vulnerability 1, float, innate
caster, HP casting, extra vitality 1
a: Renounce Religion, Evoke Invisibility, Minor Destruction


You were on level 10 of the Dungeon.
You worshipped Makhleb.
Makhleb was pleased with you.
You visited 3 branches of the dungeon, and saw 12 of its levels.
You also visited: Sewer.

You collected 420 gold pieces.
You spent 48 gold pieces at shops.

Inventory:

Hand Weapons
 A - a +2 antimagic dagger
Missiles
 J - 2 curare-tipped darts
Armour
 d - a +2 buckler (worn)
 e - +0 steam dragon scales
 o - a +0 pair of gloves (worn)
 v - a +2 robe of resistance
 w - a +1 helmet (worn)
 z - a +0 cloak (worn)
 E - a +1 robe of positive energy
 H - the +2 leather armour "Summoid" (worn) {+Inv Str+2 Dex-2}
   (You found it on level 6 of the Dungeon)

   Str:       It affects your strength (+2).
   Dex:       It affects your dexterity (-2).
   +Inv:      It lets you turn invisible.
Magical Staves
 G - a staff of conjuration (weapon)
Jewellery
 x - a ring of ice (right hand)
 y - a +6 ring of strength
 D - a +6 ring of dexterity (left hand)
 L - an amulet of the acrobat (around neck)
 N - a ring of fire
Wands
 n - a wand of roots (12)
 I - a wand of mindburst (10)
 M - a wand of flame (7)
 P - a wand of digging (1)
Scrolls
 b - 2 scrolls of fear
 c - a scroll of immolation {unknown}
 f - 9 scrolls of identify
 g - 5 scrolls of noise
 h - a scroll of enchant armour {unknown}
 l - 2 scrolls of teleportation
 p - a scroll of poison {unknown}
 C - a scroll of butterflies {unknown}
 K - a scroll of magic mapping {unknown}
 O - a scroll of blinking {unknown}
Potions
 a - a potion of might {unknown}
 i - 5 potions of curing
 j - 2 potions of lignification
 k - a potion of heal wounds {unknown}
 m - a potion of degeneration {unknown}
 q - a potion of magic {unknown}
 r - 3 potions of mutation
 s - 2 potions of haste
 t - a potion of invisibility {unknown}
 u - 2 potions of brilliance
 B - a potion of berserk rage {unknown}
 F - a potion of flight
Miscellaneous
 Q - a lightning rod (4/4)


   Skills:
 + Level 10.4 Fighting
 - Level 2.3 Dodging
 - Level 1.7 Stealth
 * Level 10.5 Spellcasting


You had 5 spell levels left.
You knew the following spells:

 Your Spells              Type           Power      Damage    Failure   Level
a - Magic Dart            Conj           100%       1d8       1%          1
b - Searing Ray           Conj           100%       2d8       1%          2
c - Dazzling Flash        Conj/Hex       100%       N/A       1%          3
d - Fulminant Prism       Conj/Hex       38%        3d18      1%          4
e - Iskenderun's Mystic   Conj/Tloc      76%        2d15      1%          4
f - Freeze                Ice            100%       1d11      1%          1
g - Static Discharge      Conj/Air       76%        3-13/arc  1%          2
h - Passwall              Tmut/Erth      49%        N/A       1%          2
i - Ozocubu's Armour      Ice            76%        N/A       1%          3
j - Animate Armour        Summ/Erth      100%       N/A       1%          4
Your spell library was empty.

Dungeon Overview and Level Annotations

Branches:
Dungeon (10/15)            Temple (1/1) D:4            Lair (1/5) D:10
  Sewer (visited)
    Orc: D:9-12

Altars:
Ashenzari
Cheibriados
Dithmenos
Elyvilon
Fedhas
Gozag
Makhleb
Nemelex Xobeh
Okawaru
Qazlal
Ru
Trog
Uskayaw
Wu Jian
Xom
Yredelemnul
Zin
The Shining One

Shops:
D:1 (   D:5 *

Annotations:
D:2 Sigmund


Innate Abilities, Weirdness & Mutations

You are immune to sickness and miasma.
You are immune to poison.
Your flesh is very heat resistant. (rF++)
You are vulnerable to cold. (rC-)
You float through the air rather than walking.
You learn spells naturally, not from books.
Your magical power is your life essence.
You have superior vitality. (+4 MHP)


Message History

Okay, then.
A demon appears!
You can no longer summon a lesser servant of Makhleb.
The seven-headed hydra attacks as you move away!
The seven-headed hydra misses you.
You block the seven-headed hydra's attack.
The seven-headed hydra bites you! x4
The seven-headed hydra closely misses you.
Your smoke demon barely misses the seven-headed hydra. x2
Your smoke demon hits the seven-headed hydra.
Your smoke demon gestures at the seven-headed hydra.
The seven-headed hydra is smitten.
Found 9 gold pieces.
The seven-headed hydra attacks as you move away!
The seven-headed hydra bites you but does no damage.
The seven-headed hydra barely misses you.
You block the seven-headed hydra's attack.
The seven-headed hydra completely misses you.
The seven-headed hydra bites you! The seven-headed hydra misses you.
You block the seven-headed hydra's attack.
There is a staircase back to the Dungeon here.
You block the seven-headed hydra's attack.
The seven-headed hydra bites you but does no damage.
The seven-headed hydra closely misses you.
The seven-headed hydra barely misses you. x2
The seven-headed hydra bites you but does no damage.
The seven-headed hydra bites you.
You fly upwards.
Welcome back to the Dungeon!
There is a staircase to the Lair here.
As you read the scroll of fear, it crumbles to dust.
You assume a fearsome visage.
The seven-headed hydra easily resists.
The seven-headed hydra bites you.
* * * LOW HITPOINT WARNING * * *
The seven-headed hydra completely misses you.
The seven-headed hydra bites you.
* * * LOW HITPOINT WARNING * * *
The seven-headed hydra misses you. The seven-headed hydra bites you!
* * * LOW HITPOINT WARNING * * *
The seven-headed hydra bites you!
You die...

....###...# .
..........### ##..
#......<.##.###...
.#......÷#...#....
..#..####)....### ## .
#..##..[......###.##..
#...#....)))....#......
.. .......)D...)........
. .........@...)(.......
#.....P...............
...#...........#......
...##.........##......
..####.....####......
................>....
.......................
........................
........................


You could see a seven-headed hydra.

Vanquished Creatures
  A cyclops (D:8)
  A komodo dragon (D:10)
  A troll (D:9)
  A shadow (D:9)
  A wraith (D:10)
  A steam dragon (D:9)
  2 wyverns
  4 yaks
  An acid dragon (D:9)
  3 wargs (D:10)
  2 water moccasins
  A black bear (D:8)
  2 orc warriors
  A sky beast (D:8)
  3 ice beasts
  2 ogres
  3 centaurs
  2 phantoms
  2 kobold brigands
  2 necrophages
  2 gnoll sergeants
  5 scorpions
  9 wights
  3 killer bees (D:9)
  4 electric eels (D:8)
  A howler monkey (D:8)
  2 hounds
  6 jellies
  7 orc priests
  Crazy Yiuf (D:3)
  Jessica (D:2)
  A gnoll bouda (D:5)
  2 iguanas
  Ijyb (D:3)
  Terence (D:2)
  10 orc wizards
  Robin (D:3)
  15 gnolls
  6 adders
  A river rat (Sewer)
  4 white imps
  An ufetubus (D:6)
  4 worms
  A dart slug (D:4)
  37 orcs
  3 bats
  22 endoplasms
  8 giant cockroaches
  19 goblins
  9 hobgoblins
  4 quokkas
  5 ball pythons
  9 frilled lizards
  17 kobolds
  7 rats
265 creatures vanquished.

Vanquished Creatures (collateral kills)
  A bullfrog (D:9)
1 creature vanquished.

Vanquished Creatures (others)
  An orc wizard (D:6)
  12 fulminant prisms
  14 plants
27 creatures vanquished.

Grand Total: 293 creatures vanquished

Notes
Turn   | Place    | Note
-------+----------+-------------------------------------------
     0 | D:1      | Rudioso the Djinni Conjurer began the quest for the Orb.
     0 | D:1      | Rudioso set off with the following spells memorised: Magic
                  | Dart, Searing Ray, Dazzling Flash, Fulminant Prism,
                  | Iskenderun's Mystic Blast.
     0 | D:1      | Reached XP level 1. HP: 15/15 MP: 0/0
    83 | D:1      | Reached XP level 2. HP: 13/22 MP: 0/0
   196 | D:1      | Found Urimoa's Weapon Shop.
   300 | D:1      | Reached skill level 1 in Fighting
   490 | D:1      | Reached XP level 3. HP: 18/28 MP: 0/0
   490 | D:1      | Learned a level 1 spell: Freeze
   543 | D:1      | Found a faded altar of an unknown god.
  1592 | D:2      | Noticed Terence
  1600 | D:2      | Killed Terence
  1601 | D:2      | Reached XP level 4. HP: 24/35 MP: 0/0
  1699 | D:2      | Noticed Jessica
  1702 | D:2      | Killed Jessica
  1755 | D:2      | Reached XP level 5. HP: 34/41 MP: 0/0
  1755 | D:2      | Learned a level 2 spell: Static Discharge
  1778 | D:2      | Noticed Sigmund
  1782 | D:3      | Noticed Robin
  1834 | D:3      | Noticed Ijyb
  1847 | D:3      | Killed Ijyb
  1987 | D:3      | Found the +6 lightning scales {swift, rElec}
  2018 | D:3      | Found a glowing drain.
  2039 | Sewer    | Entered a sewer
  2368 | Sewer    | Reached XP level 6. HP: 41/48 MP: 0/0
  2591 | Sewer    | Found a viscous altar of Jiyva.
  2937 | D:3      | Killed Robin
  3225 | D:3      | Found a runed translucent door.
  3226 | D:3      | Noticed Crazy Yiuf
  3233 | D:3      | Killed Crazy Yiuf
  3234 | D:3      | Reached XP level 7. HP: 50/53 MP: 0/0
  3234 | D:3      | Learned a level 2 spell: Passwall
  3462 | D:4      | Reached skill level 5 in Spellcasting
  3931 | D:4      | Found a staircase to the Ecumenical Temple.
  3937 | Temple   | Entered the Ecumenical Temple
  4633 | D:4      | Reached skill level 5 in Fighting
  4633 | D:4      | Reached XP level 8. HP: 40/59 MP: 0/0
  4888 | D:5      | Entered Level 5 of the Dungeon
  5166 | D:5      | Found a burning altar of Makhleb.
  5171 | D:5      | Became a worshipper of Makhleb the Destroyer
  5497 | D:5      | Found Iwuvib's General Store.
  5509 | D:5      | Bought a scroll of fear for 48 gold pieces
  6021 | D:6      | Reached XP level 9. HP: 28/67 MP: 0/0
  6021 | D:6      | Learned a level 3 spell: Ozocubu's Armour
  6029 | D:6      | Reached * piety under Makhleb
  7212 | D:6      | Identified the +2 leather armour "Summoid" {+Inv Str+2
                  | Dex-2}
  8584 | D:7      | Reached XP level 10. HP: 50/77 MP: 0/0
  9339 | D:8      | Reached ** piety under Makhleb
  9701 | D:8      | Reached skill level 10 in Fighting
  9940 | D:9      | Noticed a cyclops
 10128 | D:8      | Killed a cyclops
 11063 | D:9      | Found a glowing golden altar of the Shining One.
 11255 | D:9      | Reached XP level 11. HP: 78/85 MP: 0/0
 11255 | D:9      | Learned a level 4 spell: Animate Armour
 11297 | D:9      | Reached skill level 10 in Spellcasting
 11304 | D:9      | Found an opulent altar of Gozag.
 11361 | D:9      | Found a glowing silver altar of Zin.
 11505 | D:10     | Entered Level 10 of the Dungeon
 11505 | D:10     | Found a staircase to the Lair.
 11533 | D:10     | Reached *** piety under Makhleb
 11776 | Lair:1   | Entered Level 1 of the Lair of Beasts
 11813 | Lair:1   | Noticed a seven-headed hydra
 11860 | D:10     | Slain by a seven-headed hydra

Illustrated notes

Levels and vault maps discovered:
D:1:      dpeg_arrival_lava_temple_mockup, layout_basic, serial_shops,
          nicolae_shop_hallway_plus, shapermc_ecumenical_altar_gd,
          serial_rivers, chequers_serial_rivers_micro_d,
          chequers_serial_rivers_room_b, chequers_serial_rivers_micro_d,
          chequers_serial_rivers_room_b
D:2:      layout_basic, uniq_sigmund, uniq_jessica, uniq_terence
D:3:      layout_rooms, cheibrodos_sewer_entry_bend, serial_rivers,
          chequers_serial_rivers_small_a, chequers_serial_rivers_small_a,
          chequers_serial_rivers_micro_a, chequers_serial_rivers_micro_a,
          chequers_serial_rivers_large_b, uniq_crazy_yiuf_cottage, uniq_ijyb,
          uniq_robin
D:4:      minmay_chambers_of_twos, layout_gridville, minmay_temple_entry_hall
D:5:      layout_gridville, bloody_makhleb, serial_shops, shop
D:6:      layout_basic, nzn_hepliaklqana_mist_gate, grunt_ministairs_8
D:7:      layout_loops_ring, nrook_uturn, kennysheep_small_circle
D:8:      layout_rooms, serial_bayou, serial_bayou_lagoon_b,
          serial_bayou_crossing, serial_bayou_shore_a, serial_bayou_ford_a
D:9:      layout_cave_pools, pdpol_temple_overflow_zin_treasury_gozag_greed,
          tso_metal_star
D:10:     layout_cross, erik_lair_orcish_takeover, uniq_gastronok
Temple:   sentei_temple_godly_chess
Lair:1:   layout_chaotic_city, serial_bayou_shore_b

Skill      XL: |  1  2  3  4  5  6  7  8  9 10 11 |
---------------+----------------------------------+-----
Fighting       | 1 3 4 5 6 8 10 | 10.4
Spellcasting   | 4 5 6 8 9 10 | 10.5
Dodging        | |  2.3
Stealth        | |  1.7

Action                   |  1- 3 |  4- 6 |  7- 9 | 10-12 || total
-------------------------+-------+-------+-------+-------++-------
Melee: Whip              |     5 |       |    11 |       ||    16
       Dagger            |       |       |     4 |       ||     4
 Cast: Magic Dart        |    34 |    44 |    96 |    48 ||   222
       Searing Ray       |    14 |    40 |    66 |    44 ||   164
       Freeze            |     3 |    31 |    93 |    18 ||   145
       Static Discharge  |       |     3 |    14 |    18 ||    35
       Passwall          |       |       |     2 |       ||     2
       Iskenderun's Myst |       |       |     7 |     6 ||    13
       Dazzling Flash    |       |       |     2 |       ||     2
       Ozocubu's Armour  |       |       |     3 |     1 ||     4
       Fulminant Prism   |       |       |     1 |    11 ||    12
       Animate Armour    |       |       |       |     2 ||     2
Invok: Minor Destruction |       |       |       |     1 ||     1
       Lesser Servant of |       |       |       |     1 ||     1
  Use: Scroll            |       |       |     2 |     2 ||     4
       Potion            |       |       |     1 |     4 ||     5
Armor: Robe              |       |     6 |    35 |       ||    41
       Leather armour    |       |       |     8 |    18 ||    26
Dodge: Dodged            |     6 |    24 |    65 |    46 ||   141
Block: Buckler           |       |       |    19 |    20 ||    39
